 Dungeon Crawl Stone Soup version 0.31-a0-986-g5e6e4ef867 (webtiles) character file.

Game seed: 17984853790732767283

1185 LeprechaunX the Changeling (level 8, -1/54 HPs)
             Began as an Octopode Shapeshifter on Nov 20, 2023.
             Was an Initiate of Hepliaklqana.
             Succumbed to a scorpion's poison
             ... on level 5 of the Dungeon.
             The game lasted 00:05:24 (5015 turns).

LeprechaunX the Changeling (Octopode Shapeshifter)  Turns: 5015, Time: 00:05:24

Health: -1/54      AC:  1    Str: 22    XL:     8   Next: 42%
Magic:  8/8        EV: 12    Int: 12    God:    Hepliaklqana [......]
Gold:   204        SH:  3    Dex: 10    Spells: 7/7 levels left

rFire   . . .        o - +7 trident "Suamagg" {flame, rElec Str+8 Dex-3 Stlth+}
rCold   . . .        y - +0 buckler
rNeg    . . .        (helmet currently unavailable)
rPois   .            (no amulet)
rElec   +            (no ring)
rCorr   .            (no ring)
SInv    .            (no ring)
Will    .....        (no ring)
Stlth   +++          (no ring)
HPRegen 0.29/turn    (no ring)
MPRegen 0.11/turn    (no ring)
                     (no ring)

%: no passive effects
@: lethally poisoned (-1 -> -8), beast-form
A: beast (slay +3), almost no armour, amphibious, 8 rings, camouflage 1,
gelatinous body 1, (nimble swimmer 1), tentacles
a: Begin Untransformation, Renounce Religion


You were on level 5 of the Dungeon.
You worshipped Hepliaklqana.
Hepliaklqana was noncommittal.
You were a hulking beast.
You visited 2 branches of the dungeon, and saw 7 of its levels.
You also visited: Sewer.

You collected 204 gold pieces.

Inventory:

Hand Weapons
 a - a +0 sling
 o - the +7 trident "Suamagg" (weapon) {flame, rElec Str+8 Dex-3 Stlth+}
   (You found it on level 2 of the Dungeon)

   Str+8:     It affects your strength (+8).
   Dex-3:     It affects your dexterity (-3).
   rElec:     It insulates you from electricity.
   Stlth+:    It makes you more stealthy.
Missiles
 l - 3 javelins (quivered)
Armour
 y - a +0 buckler (worn)
Jewellery
 B - an amulet of faith
Talismans
 b - a beast talisman
 c - a flux talisman
Wands
 z - a wand of flame (3)
Scrolls
 f - a scroll of noise {unknown}
 j - a scroll of enchant armour {unknown}
 k - a scroll of vulnerability {unknown}
 m - a scroll of poison {unknown}
 n - 5 scrolls of teleportation {unknown}
 p - 3 scrolls of brand weapon {unknown}
 r - 2 scrolls of enchant weapon {unknown}
 t - a scroll of blinking {unknown}
 v - a scroll of fear {unknown}
 w - a scroll of summoning {unknown}
 x - 3 scrolls of identify {unknown}
 A - a scroll of immolation {unknown}
Potions
 d - a potion of curing {unknown}
 e - a potion of degeneration {unknown}
 g - 2 potions of heal wounds {unknown}
 h - a potion of lignification
 i - 2 potions of might {unknown}
 q - 2 potions of mutation {unknown}
 s - a potion of invisibility {unknown}
 u - a potion of berserk rage {unknown}


   Skills:
 + Level 4.3 Fighting
 + Level 3.7 Throwing
 - Level 2.0 Dodging
 + Level 5.2 Unarmed Combat
 + Level 1.7 Evocations
 * Level 6.4 Shapeshifting


You had 7 spell levels left.
You didn't know any spells.
Your spell library contained the following spells:

 Spells                   Type           Power      Damage    Failure   Level
 Freeze                   Ice            0%         1d3       38%         1
 Sandblast                Erth           0%         2d4       38%         1
 Summon Small Mammal      Summ           0%         N/A       38%         1
 Blink                    Tloc           0%         N/A       54%         2
 Cigotuvi's Dreadful Rot  Necr/Pois/Air  0%         N/A       54%         2
 Lesser Beckoning         Tloc           0%         N/A       54%         2
 Momentum Strike          Conj/Tloc      0%         3d8       54%         2
 Call Canine Familiar     Summ           0%         N/A       77%         3
 Frozen Ramparts          Ice            0%         1d1       77%         3
 Ozocubu's Armour         Ice            0%         N/A       77%         3
 Summon Guardian Golem    Hex/Summ       0%         N/A       77%         3
 Brom's Barrelling Bould  Conj/Erth      0%         2d3       99%         4
 Dispel Undead            Necr           0%         3d6       99%         4
 Summon Lightning Spire   Summ/Air       0%         N/A       99%         4
 Lee's Rapid Deconstruct  Erth           0%         3d4*      100%        5
 Death Channel            Necr           0%         N/A       100%        6
 Simulacrum               Ice/Necr       0%         N/A       100%        6
 Ozocubu's Refrigeration  Ice            0%         4d7       100%        7
 Animate Armour           Summ/Erth      Unusable   N/A       N/A         4

Dungeon Overview and Level Annotations

Branches:
Dungeon (6/15)             Temple (1/1) D:5           Sewer (visited)

Altars:
Cheibriados
Dithmenos
Elyvilon
Fedhas
Gozag
Hepliaklqana
Kikubaaqudgha
Makhleb
Nemelex Xobeh
Okawaru
Qazlal
Ru
Sif Muna
Trog
Uskayaw
Vehumet
Wu Jian
Xom
The Shining One


Innate Abilities, Weirdness & Mutations

You are a hulking beast.
Your limbs bulge with bestial killing power. (Slay +3)
You cannot wear most types of armour.
You are amphibious.
You can wear up to eight rings at the same time.
Your skin changes colour to match your surroundings (Stealth+).
Your rubbery body absorbs attacks. (AC +1, EV +1)
((You are camouflaged when in or above water. (Stealth+)))
You have tentacles for arms and can constrict up to eight enemies at once.


Message History

The helpless wight fails to defend itself.
You hit the wight. You burn the wight. You grab the wight.
The wight is lightly damaged.
You constrict the wight. The wight barely misses you.
You puncture the wight! You burn the wight.
You destroy the wight!
You hit the orc. You burn the orc. Your grab misses the orc.
You squeeze the orc.
You kill the orc!
The wight barely misses you.
You barely miss the wight. Your grab misses the wight.
Your squeeze misses the wight. The wight closely misses you.
You puncture the wight! You burn the wight. Your grab misses the wight.
The wight is severely damaged.
The wight hits you with a +2 battleaxe!
You hit the wight but do no damage. Your grab misses the wight.
You squeeze the wight, but do no damage.
The wight is severely damaged.
The wight hits you with a +2 battleaxe! The scorpion stings you.
The wight closely misses you.
You are too injured to fight recklessly!
You are too injured to fight recklessly!
The scorpion barely misses you.
The wight hits you with a +2 battleaxe!!
* * * LOW HITPOINT WARNING * * *
You feel drained.
* * * LOW HITPOINT WARNING * * *
You climb upwards.
There is a stone staircase leading down, spattered with blood here.
You puncture the wight! You burn the wight.
You destroy the wight!
The scorpion stings you.
* * * LOW HITPOINT WARNING * * *
You are lethally poisoned!
The scorpion poisons you! The scorpion misses you.
Your life force feels restored.
You puncture the scorpion! You burn the scorpion.
Your grab misses the scorpion.
The scorpion is heavily wounded.
You die...

.# #.#..............#.# #.# .#
#.............##.#.# #.# .#
######..###+#.###..##.#.####.#
##
#...........#)##..###.#....#..
#..........##.##.## #.####.###
#...........#.##.####....>.#
#.............#.........####
#..........#.)#.........#
#..........##hs.........#
#..........####.........#
#..........# #........^#
#..........# ###########
#..........# ############


You could see a scorpion.

Vanquished Creatures
  Eustachio (D:4)
  A black bear (D:4)
  An ogre (D:5)
  A kobold brigand (Sewer)
  A bullfrog (D:5)
  A scorpion (D:4)
  2 wights
  A crimson imp (D:5)
  An orc priest (D:4)
  A hound (D:5)
  A sleepcap (D:4)
  4 iguanas
  2 orc wizards (D:4)
  A gnoll (D:3)
  13 adders
  3 river rats (Sewer)
  A white imp (D:5)
  3 worms
  4 dart slugs
  11 orcs
  4 endoplasms
  A giant cockroach (D:1)
  10 goblins
  7 hobgoblins
  10 jackals
  13 kobolds
  2 quokkas (D:2)
  11 ball pythons
  7 bats
  7 frilled lizards
  5 rats
131 creatures vanquished.

Notes
Turn   | Place    | Note
-------+----------+-------------------------------------------
     0 | D:1      | LeprechaunX the Octopode Shapeshifter began the quest for
                  | the Orb.
     0 | D:1      | Reached XP level 1. HP: 13/13 MP: 1/1
    67 | D:1      | Reached XP level 2. HP: 18/18 MP: 2/2
   216 | D:1      | You fall into a shaft and drop 1 floor!
   222 | D:2      | Found a shimmering blue altar of Sif Muna.
   274 | D:2      | Identified the +7 trident "Suamagg" {flame, rElec Str+8
                  | Dex-3 Stlth+}
   293 | D:2      | Reached XP level 3. HP: 17/23 MP: 3/3
   957 | D:2      | Reached XP level 4. HP: 24/29 MP: 4/4
  1120 | D:2      | Found a faded altar of an unknown god.
  1365 | D:3      | Identified the "Pitan"
  1406 | D:3      | Reached skill level 4 in Shapeshifting
  1565 | D:3      | Found a glowing drain.
  1571 | D:3      | Reached XP level 5. HP: 34/34 MP: 5/5
  1575 | Sewer    | Entered a sewer
  1591 | Sewer    | Reached skill level 1 in Throwing
  1799 | Sewer    | Noticed a kobold brigand
  1809 | Sewer    | Killed a kobold brigand
  1810 | Sewer    | Reached XP level 6. HP: 35/41 MP: 6/6
  2244 | D:3      | Found a blossoming altar of Fedhas.
  2261 | D:3      | Found a glowing golden altar of the Shining One.
  2470 | D:3      | Found a snail-covered altar of Cheibriados.
  3052 | D:4      | Reached skill level 5 in Shapeshifting
  3309 | D:4      | Found a stormy altar of Qazlal.
  3527 | D:4      | Reached XP level 7. HP: 46/46 MP: 7/7
  3575 | D:4      | HP: 2/46 [orc priest/+0 whip (5)]
  3831 | D:4      | Noticed Eustachio
  3839 | D:4      | Killed Eustachio
  4279 | D:5      | Entered Level 5 of the Dungeon
  4325 | D:5      | Reached skill level 6 in Shapeshifting
  4325 | D:5      | Reached XP level 8. HP: 54/54 MP: 8/8
  4330 | D:5      | Reached skill level 5 in Unarmed Combat
  4330 | D:5      | Reached skill level 1 in Evocations
  4528 | D:5      | Found a staircase to the Ecumenical Temple.
  4606 | Temple   | Entered the Ecumenical Temple
  4610 | Temple   | Became a worshipper of Hepliaklqana the Forgotten
  5014 | D:5      | HP: 2/52 [scorpion (2)]
  5015 | D:5      | Succumbed to a scorpion's poison

Illustrated notes

Levels and vault maps discovered:
D:1:      beargit_arrival_greenhouse, layout_loops_corners
D:2:      layout_rooms, basic_altar, shapermc_ecumenical_altar_mp_highgroup,
          kennysheep_generic_room_4
D:3:      layout_loops_ring, cheibrodos_worm_habitat,
          mainiacjoe_overflow_catwalk_spiral, portal_sewer_entry_d,
          kennysheep_generic_room_11
D:4:      layout_loops_corners, mainiacjoe_overflow_chevrons,
          minmay_box_of_dots, uniq_eustachio
D:5:      layout_basic, minmay_temple_entry_hall, minmay_fire_ice_demons
D:6:      layout_basic, uniq_sigmund, uniq_blork_the_orc, uniq_edmund,
          uniq_crazy_yiuf_cottage, uniq_prince_ribbit1
Temple:   nicolae_temple_bog_church

Skill      XL: |  1  2  3  4  5  6  7  8 |
---------------+-------------------------+-----
Fighting       | 2 3 4 |  4.3
Shapeshifting  | 4 5 6 |  6.4
Throwing       | 1 2 3 |  3.7
Unarmed Combat | 4 5 |  5.2
Evocations     | 1 |  1.7
Dodging        | |  2.0

Action                     |  1- 3 |  4- 6 |  7- 9 || total
---------------------------+-------+-------+-------++-------
  Melee: Unarmed           |    61 |    12 |       ||    73
         Constrict         |    13 |    15 |    11 ||    39
         Tentacles         |     7 |     8 |    11 ||    26
         Punch             |     1 |     2 |     2 ||     5
         Trident           |       |   109 |    48 ||   157
  Throw: Javelin           |       |       |     2 ||     2
   Stab: Sleeping          |     4 |    19 |     6 ||    29
 Armour: Skin              |    18 |    52 |    15 ||    85
  Dodge: Dodged            |    26 |    69 |    19 ||   114
  Block: Buckler           |       |       |     2 ||     2

Table legend: (Time is in decaauts)
 A = Elapsed time spent in this place.
 B = Non-inter-level travel time spent in this place.
 C = Inter-level travel time spent in this place.
 D = Time resting spent in this place.
 E = Time spent auto-exploring this place.
 F = Levels seen in this place.
 G = Mean time per level.
                   A        B        C        D        E       F      G
               +--------+--------+--------+--------+--------+-----+--------+
         Total |   5063 |   4808 |    255 |    290 |   3667 |   8 |  632.9 |
       Dungeon |   4437 |   4185 |    252 |    290 |   3206 |   6 |  739.5 |
        Temple |      8 |      5 |      3 |      0 |      0 |   1 |    8.0 |
         Sewer |    617 |    617 |      0 |      0 |    461 |   1 |  617.0 |
               +--------+--------+--------+--------+--------+-----+--------+

Top non-repeatable levels by time:
     D:4: 1464 daAuts
     D:3: 876 daAuts
     D:1: 813 daAuts
     D:5: 725 daAuts
   Sewer: 617 daAuts
     D:2: 547 daAuts
     D:6: 9 daAuts
  Temple: 8 daAuts
